TOP OF THE 1ST |
Clinton LumberKings batting - Pitching for Charleston RiverDogs : RHP Pat Stone
|
Pitching: RHP Pat Stone
|
|
Batting: RHB Ching-hsia Zhang
|
0-0: Ball 1-0: Ball 2-0: Ground out 3-1 (Groundball, 34, EV 83.8 MPH)
|
Batting: SHB Raghnall Ahearne
|
0-0: Called Strike 0-1: Foul Ball, location: 2F 0-2: Ball 1-2: Ball 2-2: Ball 3-2: Foul Ball, location: 2F 3-2: Strikes out swinging
|
Batting: RHB Ryan Criollo
|
0-0: Called Strike 0-1: Fly out, F9 (Flyball, 9D, EV 100.0 MPH)
|
Top of the 1st over - 0 runs, 0 hits, 0 errors, 0 left on base; Clinton 0 - Charleston 0 |
BOTTOM OF THE 1ST |
Charleston RiverDogs batting - Pitching for Clinton LumberKings : RHP Ron Skiles
|
Pitching: RHP Ron Skiles
|
|
Batting: LHB Marc Durgin
|
0-0: Ball 1-0: Called Strike 1-1: Ball 2-1: Swinging Strike 2-2: Ball 3-2: Foul Ball, location: 2F 3-2: Base on Balls
|
Batting: RHB Bryan Westray
|
0-0: Foul Ball, location: 2F 0-1: Foul Ball, location: 2F 0-2: Foul Ball, location: 2F 0-2: SINGLE (Groundball, 6MD, EV 94.4 MPH) Marc Durgin to second Runner from 2nd tries for 3rd, SAFE, throw by CF made at trailing runner, OUT! 8-4
|
Batting: LHB Sean Trueblood
|
0-0: Foul Ball, location: 2F 0-1: Called Strike 0-2: Ball 1-2: Foul Ball, location: 2F 1-2: Fly out, F7 (Flyball, 7LS, EV 90.6 MPH)
|
Batting: RHB Iften Olujimi
|
0-0: Foul Ball, location: 2F 0-1: Called Strike 0-2: Strikes out looking
|
Bottom of the 1st over - 0 runs, 1 hit, 0 errors, 1 left on base; Clinton 0 - Charleston 0 |
TOP OF THE 2ND |
Clinton LumberKings batting - Pitching for Charleston RiverDogs : RHP Pat Stone
|
Batting: SHB Ray Skogen
|
0-0: Ball 1-0: Ball 2-0: Foul Ball, location: 2F 2-1: Ball 3-1: Fly out, F7 (Flyball, 7, EV 93.1 MPH)
|
Batting: RHB Ivan Davila
|
0-0: Called Strike 0-1: Fly out, F8 (Flyball, 8LM, EV 90.6 MPH)
|
Batting: RHB Victor Rosas
|
0-0: Ball 1-0: Called Strike 1-1: Ground out 4-3 (Groundball, 4, EV 105.6 MPH)
|
Top of the 2nd over - 0 runs, 0 hits, 0 errors, 0 left on base; Clinton 0 - Charleston 0 |
BOTTOM OF THE 2ND |
Charleston RiverDogs batting - Pitching for Clinton LumberKings : RHP Ron Skiles
|
Batting: LHB Justin O'Neal
|
0-0: Called Strike 0-1: Foul Ball, location: 2F 0-2: Ball 1-2: Strikes out swinging
|
Batting: SHB Houston Phillips
|
0-0: Called Strike 0-1: Called Strike 0-2: Ball 1-2: Foul Ball, location: 2F 1-2: Ball 2-2: SINGLE (Groundball, 56D, EV 98.1 MPH)
|
Batting: LHB Dale Anderson
|
0-0: Ball 1-0: Ball 2-0: Called Strike 2-1: Foul Ball, location: 2F 2-2: Ball 3-2: Base on Balls Houston Phillips to second
|
Batting: RHB John Sprenkel
|
0-0: SINGLE (Line Drive, 4D, EV 95.6 MPH) Houston Phillips to third Dale Anderson to second Runner from 3rd tries for Home, SAFE, throw by RF to home
|
Batting: RHB Matt Alderson
|
0-0: Called Strike 0-1: Grounds into double play, 5-4-3 (Groundball, 56S, EV 85.6 MPH)
|
Bottom of the 2nd over - 1 run, 2 hits, 0 errors, 1 left on base; Clinton 0 - Charleston 1 |
TOP OF THE 3RD |
Clinton LumberKings batting - Pitching for Charleston RiverDogs : RHP Pat Stone
|
Batting: SHB Brendan Bundy
|
0-0: Foul Ball, location: 2F 0-1: Called Strike 0-2: Foul Ball, location: 2F 0-2: Foul Ball, location: 2F 0-2: Ground out 5-3 (Groundball, 5, EV 91.2 MPH)
|
Batting: RHB Danny Pujols
|
0-0: Swinging Strike 0-1: Ground out 5-3 (Groundball, 56, EV 80.0 MPH)
|
Batting: RHB Omar Solis
|
0-0: Ball 1-0: Ground out 6-3 (Groundball, 6, EV 83.8 MPH)
|
Top of the 3rd over - 0 runs, 0 hits, 0 errors, 0 left on base; Clinton 0 - Charleston 1 |
BOTTOM OF THE 3RD |
Charleston RiverDogs batting - Pitching for Clinton LumberKings : RHP Ron Skiles
|
Batting: LHB Marc Durgin
|
0-0: Swinging Strike 0-1: Ball 1-1: Ball 2-1: Ball 3-1: Ground out 5-3 (Groundball, 5S, EV 85.6 MPH)
|
Batting: RHB Bryan Westray
|
0-0: Foul Ball, location: 2F 0-1: Foul Ball, location: 2F 0-2: Ball 1-2: Ball 2-2: Ball 3-2: Foul Ball, location: 2F 3-2: Base on Balls
|
Batting: LHB Sean Trueblood
|
0-0: Called Strike 0-1: Foul Ball, location: 2F 0-2: Fielders Choice at 2nd, 4-6 (Groundball, 4, EV 84.4 MPH)
|
Batting: RHB Iften Olujimi
|
0-0: Ball 1-0: Foul Ball, location: 2F 1-1: Foul Ball, location: 2F 1-2: Ball 2-2: Foul Ball, location: 2F 2-2: Foul Ball, location: 2F 2-2: Ground out 1-3 (Groundball, 13S, EV 70.6 MPH)
|
Bottom of the 3rd over - 0 runs, 0 hits, 0 errors, 1 left on base; Clinton 0 - Charleston 1 |
TOP OF THE 4TH |
Clinton LumberKings batting - Pitching for Charleston RiverDogs : RHP Pat Stone
|
Batting: RHB Ching-hsia Zhang
|
0-0: Ball 1-0: Foul Ball, location: 2F 1-1: Ball 2-1: Ball 3-1: Base on Balls
|
Batting: SHB Raghnall Ahearne
|
0-0: Hit by Pitch Ching-hsia Zhang to second
|
Batting: RHB Ryan Criollo
|
0-0: Ball 1-0: Ball 2-0: Ball 3-0: Base on Balls Ching-hsia Zhang to third Raghnall Ahearne to second
|
Batting: SHB Ray Skogen
|
0-0: Ball 1-0: Swinging Strike 1-1: Ball 2-1: Ball 3-1: Grounds into fielders choice 1-2 (Groundball, 13S, EV 75.6 MPH) Raghnall Ahearne to third Ryan Criollo to second
|
Batting: RHB Ivan Davila
|
0-0: Ball 1-0: SINGLE (Groundball, 56, EV 104.4 MPH) Raghnall Ahearne scores Ryan Criollo to third Ray Skogen to second Runner from 3rd tries for Home, SAFE, throw by LF to home
|
Batting: RHB Victor Rosas
|
0-0: Ball Ray Skogen steals 3rd base 1-0: Ball 2-0: Ball 3-0: Base on Balls Ivan Davila to second
|
Batting: SHB Brendan Bundy
|
0-0: Called Strike 0-1: Ball 1-1: Foul Ball, location: 2F 1-2: Ball 2-2: Strikes out swinging
|
Batting: RHB Danny Pujols
|
0-0: Ball 1-0: Called Strike 1-1: DOUBLE (Flyball, 89D, EV 93.8 MPH) Ray Skogen scores Ivan Davila scores Victor Rosas to third Runner from 3rd tries for Home, SAFE, throw by RF to home
|
Pitching: RHP Austin Trzcinski
|
|
Batting: RHB Omar Solis
|
0-0: Called Strike 0-1: Foul Ball, location: 2F 0-2: Ball 1-2: Strikes out swinging
|
Top of the 4th over - 5 runs, 2 hits, 0 errors, 1 left on base; Clinton 5 - Charleston 1 |
BOTTOM OF THE 4TH |
Charleston RiverDogs batting - Pitching for Clinton LumberKings : RHP Ron Skiles
|
Batting: LHB Justin O'Neal
|
0-0: Ball 1-0: Called Strike 1-1: Swinging Strike 1-2: Ball 2-2: Ground out 6-3 (Groundball, 6, EV 85.6 MPH)
|
Batting: SHB Houston Phillips
|
0-0: Ground out 6-3 (Groundball, 6, EV 86.2 MPH)
|
Batting: LHB Dale Anderson
|
0-0: Ball 1-0: Ball 2-0: Swinging Strike 2-1: Ball 3-1: Base on Balls
|
Batting: RHB John Sprenkel
|
0-0: Foul Ball, location: 2F 0-1: Ball 1-1: Ball 2-1: Foul Ball, location: 2F 2-2: Ball 3-2: Base on Balls Dale Anderson to second
|
Batting: RHB Matt Alderson
|
0-0: Foul Ball, location: 2F 0-1: Ball 1-1: 3-RUN HOME RUN (Flyball, 78XD, EV 116.2 MPH), Distance : 453 ft
|
Batting: LHB Marc Durgin
|
0-0: Ball 1-0: Ball 2-0: Ball 3-0: Called Strike 3-1: Base on Balls
|
Pitching: RHP Bill Porter
|
|
Batting: RHB Bryan Westray
|
0-0: Ball 1-0: Ball 2-0: Called Strike 2-1: Swinging Strike 2-2: Fielders Choice at 2nd, 5-4 (Groundball, 5, EV 99.4 MPH)
|
Bottom of the 4th over - 3 runs, 1 hit, 0 errors, 1 left on base; Clinton 5 - Charleston 4 |
TOP OF THE 5TH |
Clinton LumberKings batting - Pitching for Charleston RiverDogs : RHP Austin Trzcinski
|
Batting: RHB Ching-hsia Zhang
|
0-0: Called Strike 0-1: Hit by Pitch
|
Batting: SHB Raghnall Ahearne
|
0-0: Called Strike 0-1: Swinging Strike 0-2: Foul Ball, location: 2F 0-2: Ball 1-2: Ball 2-2: Fly out, F7 (Flyball, 78XD, EV 81.9 MPH)
|
Batting: RHB Ryan Criollo
|
0-0: Ball Wild Pitch! Ching-hsia Zhang to second 1-0: Foul Ball, location: 2F 1-1: Ball 2-1: Foul Ball, location: 2F 2-2: SINGLE (Line Drive, 5D, EV 105.6 MPH) Ching-hsia Zhang to third
|
Batting: SHB Ray Skogen
|
0-0: Swinging Strike 0-1: Foul Ball, location: 2F 0-2: Ball 1-2: Ball 2-2: Ball 3-2: Strikes out looking
|
Batting: RHB Ivan Davila
|
0-0: Ball 1-0: Called Strike 1-1: Foul Ball, location: 2F 1-2: Ball 2-2: Strikes out swinging
|
Top of the 5th over - 0 runs, 1 hit, 0 errors, 2 left on base; Clinton 5 - Charleston 4 |
BOTTOM OF THE 5TH |
Charleston RiverDogs batting - Pitching for Clinton LumberKings : RHP Bill Porter
|
Batting: LHB Sean Trueblood
|
0-0: Called Strike 0-1: Called Strike 0-2: Ball 1-2: Foul Ball, location: 2F 1-2: Ball 2-2: Ball 3-2: Fly out, F8 (Flyball, 89M, EV 96.2 MPH)
|
Batting: RHB Iften Olujimi
|
0-0: Called Strike 0-1: Ball 1-1: Ground out 4-3 (Groundball, 4, EV 84.4 MPH)
|
Batting: LHB Justin O'Neal
|
0-0: Swinging Strike 0-1: Ball 1-1: Swinging Strike 1-2: Ball 2-2: Ball 3-2: Strikes out looking
|
Bottom of the 5th over - 0 runs, 0 hits, 0 errors, 0 left on base; Clinton 5 - Charleston 4 |
TOP OF THE 6TH |
Clinton LumberKings batting - Pitching for Charleston RiverDogs : RHP Austin Trzcinski
|
Batting: RHB Victor Rosas
|
0-0: Foul Ball, location: 2F 0-1: Fly out, F7 (Line Drive, 78S, EV 87.5 MPH)
|
Batting: SHB Brendan Bundy
|
0-0: Ball 1-0: Called Strike 1-1: Called Strike 1-2: SINGLE (Flyball, 5D, EV 93.8 MPH)
|
Batting: RHB Danny Pujols
|
0-0: SINGLE (Line Drive, 8LS, EV 104.4 MPH) Brendan Bundy to second
|
Batting: RHB Omar Solis
|
0-0: Ball 1-0: Ball 2-0: Ball 3-0: Called Strike 3-1: Swinging Strike 3-2: Fielders Choice at 2nd, 4-6 (Groundball, 4, EV 90.0 MPH) Brendan Bundy to third
|
Batting: RHB Ching-hsia Zhang
|
0-0: Ball 1-0: Ball 2-0: Ball 3-0: Called Strike 3-1: Foul Ball, location: 2F 3-2: Strikes out swinging
|
Top of the 6th over - 0 runs, 2 hits, 0 errors, 2 left on base; Clinton 5 - Charleston 4 |
BOTTOM OF THE 6TH |
Charleston RiverDogs batting - Pitching for Clinton LumberKings : RHP Bill Porter
|
Batting: SHB Houston Phillips
|
0-0: Ball 1-0: SOLO HOME RUN (Flyball, 89XD, EV 103.8 MPH), Distance : 434 ft
|
Batting: LHB Dale Anderson
|
0-0: Called Strike 0-1: Ball 1-1: Ball 2-1: Fly out, F7 (Flyball, 7, EV 78.1 MPH)
|
Batting: RHB John Sprenkel
|
0-0: Ball 1-0: Called Strike 1-1: Foul Ball, location: 2F 1-2: Ground out U3 (Groundball, 34, EV 104.4 MPH)
|
Batting: RHB Matt Alderson
|
0-0: Swinging Strike 0-1: Swinging Strike 0-2: Ball 1-2: Foul Ball, location: 2F 1-2: Strikes out swinging
|
Bottom of the 6th over - 1 run, 1 hit, 0 errors, 0 left on base; Clinton 5 - Charleston 5 |
TOP OF THE 7TH |
Clinton LumberKings batting - Pitching for Charleston RiverDogs : RHP Austin Trzcinski
|
Pitching: LHP Cory Musial
|
|
Batting: SHB Raghnall Ahearne
|
0-0: Swinging Strike 0-1: Foul Ball, location: 2F 0-2: Ball 1-2: Strikes out swinging
|
Batting: RHB Ryan Criollo
|
0-0: SINGLE (Groundball, 6MD, EV 98.1 MPH)
|
Batting: SHB Ray Skogen
|
0-0: Ball Ryan Criollo steals 2nd base 1-0: Swinging Strike 1-1: Ball 2-1: Called Strike 2-2: Foul Ball, location: 2F 2-2: Strikes out swinging
|
Batting: RHB Ivan Davila
|
0-0: Ball 1-0: Called Strike 1-1: Ball 2-1: Ball 3-1: Ground out 4-3 (Groundball, 4MD, EV 106.2 MPH)
|
Top of the 7th over - 0 runs, 1 hit, 0 errors, 1 left on base; Clinton 5 - Charleston 5 |
BOTTOM OF THE 7TH |
Charleston RiverDogs batting - Pitching for Clinton LumberKings : RHP Bill Porter
|
Pitching: LHP David Reyes
|
|
Pinch Hitting: RHB Bryan Massey
|
0-0: Swinging Strike 0-1: Ball 1-1: Foul Ball, location: 2F 1-2: Strikes out swinging
|
Batting: RHB Bryan Westray
|
0-0: Swinging Strike 0-1: Ball 1-1: Foul Ball, location: 2F 1-2: Ball 2-2: Strikes out looking and he ARGUES THE CALL AND IS TOSSED!
|
Batting: LHB Sean Trueblood
|
0-0: Fly out, F6 (Popup, 6M, EV 60.0 MPH)
|
Bottom of the 7th over - 0 runs, 0 hits, 0 errors, 0 left on base; Clinton 5 - Charleston 5 |
TOP OF THE 8TH |
Clinton LumberKings batting - Pitching for Charleston RiverDogs : LHP Cory Musial
|
Now in CF: Bill Nguyen-Tan
|
|
Now in RF: Graham Murphy
|
|
Batting: RHB Victor Rosas
|
0-0: Swinging Strike 0-1: Swinging Strike 0-2: Foul Ball, location: 2F 0-2: Ball 1-2: Fly out, F6 (Line Drive, 6, EV 63.1 MPH)
|
Batting: SHB Brendan Bundy
|
0-0: Called Strike 0-1: Foul Ball, location: 2F 0-2: Ball 1-2: Foul Ball, location: 2F 1-2: Strikes out swinging
|
Batting: RHB Danny Pujols
|
0-0: Ball 1-0: Ground out U3 (Groundball, 34, EV 86.9 MPH)
|
Top of the 8th over - 0 runs, 0 hits, 0 errors, 0 left on base; Clinton 5 - Charleston 5 |
BOTTOM OF THE 8TH |
Charleston RiverDogs batting - Pitching for Clinton LumberKings : LHP David Reyes
|
Batting: RHB Iften Olujimi
|
0-0: Foul Ball, location: 2F 0-1: Swinging Strike 0-2: Strikes out looking
|
Pinch Hitting: RHB Alfredo Rodriguez
|
0-0: Ball 1-0: Ball 2-0: Called Strike 2-1: Called Strike 2-2: Ball 3-2: Strikes out swinging
|
Batting: SHB Houston Phillips
|
0-0: Called Strike 0-1: Swinging Strike 0-2: Strikes out looking
|
Bottom of the 8th over - 0 runs, 0 hits, 0 errors, 0 left on base; Clinton 5 - Charleston 5 |
TOP OF THE 9TH |
Clinton LumberKings batting - Pitching for Charleston RiverDogs : LHP Cory Musial
|
Pitching: RHP Joe Shaw
|
|
Now at 2B: Gonçalo Burhil
|
|
Pinch Hitting: RHB Tomokazu Sugimoto
|
0-0: Ball 1-0: Ground out 4-3 (Groundball, 4, EV 80.6 MPH)
|
Batting: RHB Ching-hsia Zhang
|
0-0: Called Strike 0-1: Ball 1-1: SINGLE (Groundball, 6MD, EV 103.8 MPH)
|
Batting: SHB Raghnall Ahearne
|
0-0: Ball 1-0: Called Strike 1-1: Swinging Strike 1-2: Foul Ball, location: 2F 1-2: Ball 2-2: Strikes out looking
|
Batting: RHB Ryan Criollo
|
0-0: Called Strike 0-1: 2-RUN HOME RUN (Flyball, 9D, EV 98.1 MPH), Distance : 389 ft
|
Batting: SHB Ray Skogen
|
0-0: Ball 1-0: Ball 2-0: Called Strike 2-1: Ball 3-1: Foul Ball, location: 2F 3-2: Foul Ball, location: 2F 3-2: Base on Balls
|
Batting: RHB Ivan Davila
|
0-0: Ball 1-0: Foul Ball, location: 2F 1-1: Called Strike Ray Skogen steals 2nd base 1-2: Ball 2-2: Foul Ball, location: 2F 2-2: Foul Ball, location: 2F 2-2: Foul Ball, location: 2F 2-2: Ball 3-2: Fly out, F6 (Popup, 6S, EV 81.2 MPH)
|
Top of the 9th over - 2 runs, 2 hits, 0 errors, 1 left on base; Clinton 7 - Charleston 5 |
BOTTOM OF THE 9TH |
Charleston RiverDogs batting - Pitching for Clinton LumberKings : LHP David Reyes
|
Pitching: RHP Dave Williams
|
|
Now at 3B: Richie Schraven
|
|
Now at SS: Tony Morales
|
|
Batting: LHB Dale Anderson
|
0-0: Ground out 3-1 (Groundball, 34, EV 109.4 MPH)
|
Pinch Hitting: LHB Jeremiah Walker
|
0-0: Ball 1-0: Foul Ball, location: 2F 1-1: Ball 2-1: Swinging Strike 2-2: Foul Ball, location: 2F 2-2: Foul Ball, location: 2F 2-2: Strikes out swinging
|
Batting: RHB Matt Alderson
|
0-0: Called Strike 0-1: Swinging Strike 0-2: Ball 1-2: Strikes out looking
|
Bottom of the 9th over - 0 runs, 0 hits, 0 errors, 0 left on base; Clinton 7 - Charleston 5 |
|